 Dungeon Crawl Stone Soup version 0.23.1 (webtiles) character file.

Game seed: 12222611159433591389

3376 Hylith the Thaumaturge (level 10, -3/77 HPs)
             Began as a Barachi Summoner on Mar 10, 2019.
             Was a Believer of Sif Muna.
             Slain by a bullfrog (4 damage)
             ... on level 11 of the Dungeon.
             The game lasted 00:59:54 (6870 turns).

Hylith the Thaumaturge (Barachi Summoner)           Turns: 6870, Time: 00:59:55

Health: -3/77      AC:  5    Str: 11    XL:     10   Next: 3%
Magic:  0/24       EV: 12    Int: 18    God:    Sif Muna [**....]
Gold:   149        SH:  0    Dex: 12    Spells: 8/29 levels left

rFire    . . .     SeeInvis .   T - +2 mace of the Mind {elec, rPois rF- rN+} (curse)
rCold    + . .     Gourm    +   (no shield)
rNeg     + + .     Faith    .   P - +2 robe {Archmagi}
rPois    +         Spirit   .   F - +2 helmet
rElec    .         Reflect  .   s - scarf {rC+ rF+}
rCorr    .         Harm     .   f - +0 pair of gloves
MR       .....                  N - +0 pair of boots
Stlth    ++........             B - amulet of the gourmand
HPRegen  0.22/turn              t - +2 ring of slaying
MPRegen  0.19/turn              e - ring of positive energy

@: corroded, slow
A: +LOS, swims, slowness 1, strong legs 1
a: Hop, Divine Energy, Renounce Religion


You were on level 11 of the Dungeon.
You worshipped Sif Muna.
Sif Muna was pleased with you.
You were completely stuffed.

You visited 2 branches of the dungeon, and saw 10 of its levels.
You also visited: Sewer.

You collected 644 gold pieces.
You spent 495 gold pieces at shops.

Inventory:

Hand Weapons
 y - a +2 short sword of flaming
 K - a +1 hand axe of electrocution
 T - the cursed +2 mace of the Mind (weapon) {elec, rPois rF- rN+}
   (You found it on level 10 of the Dungeon)

   Occasionally, upon striking a foe, it will discharge some electrical energy
   and cause terrible harm.
   It makes you vulnerable to fire.
   It protects you from poison.
   It protects you from negative energy.
   It has a curse placed upon it.
Missiles
 g - 325 stones (quivered)
Armour
 f - a +0 pair of gloves (worn)
 m - a +0 chain mail
 r - the +1 robe of Tudwyl {rN+ Int+2 Slay+2}
   (You found it on level 5 of the Dungeon)

   It affects your intelligence (+2).
   It affects your accuracy and damage with ranged weapons and melee attacks
   (+2).
   It protects you from negative energy.
 s - a scarf of resistance (worn)
 x - a +0 shield
 F - a +2 helmet (worn)
 N - a +0 pair of boots (worn)
 P - a +2 robe of the Archmagi (worn)
 Q - the +1 chain mail "Vuneod" {Str+3}
   (You found it on level 7 of the Dungeon)

   It affects your strength (+3).
Jewellery
 e - a ring of positive energy (right hand)
 i - a +2 amulet of reflection
 t - a +2 ring of slaying (left hand)
 B - an amulet of the gourmand (around neck)
 J - an uncursed ring of ice
Wands
 w - a wand of flame (15)
 G - a wand of iceblast (7)
 M - a wand of enslavement (11)
 O - a wand of digging (8)
 S - a wand of paralysis (6)
Scrolls
 b - a scroll of remove curse
 d - 7 scrolls of teleportation
 j - 2 scrolls of noise
 l - 3 scrolls of blinking
 n - 2 scrolls of immolation {unknown}
 A - 2 scrolls of enchant weapon
 E - 2 scrolls of magic mapping
 H - 2 scrolls of enchant armour {unknown}
 I - a scroll of torment {unknown}
 R - a scroll of fear {unknown}
Potions
 h - 9 potions of curing
 k - 2 potions of degeneration {unknown}
 o - 3 potions of magic {unknown}
 p - 3 potions of heal wounds
 q - 3 potions of berserk rage {unknown}
 u - 3 potions of lignification {unknown}
 v - 3 potions of haste {unknown}
 z - a potion of flight {unknown}
 C - 3 potions of might
 D - a potion of brilliance {unknown}
Miscellaneous
 L - a fan of gales
Comestibles
 a - 8 chunks of flesh
 c - 14 rations


   Skills:
 * Level 6.6 Fighting
 + Level 1.0 Maces & Flails
 - Level 2.1 Dodging
 - Level 2.0 Stealth
 + Level 10.2 Spellcasting
 * Level 0.6 Conjurations
 * Level 10.1 Summonings
 - Level 0.2 Ice Magic
 - Level 1.0 Air Magic


You had 8 spell levels left.
You knew the following spells:

 Your Spells              Type           Power        Failure   Level  Hunger
a - Summon Small Mammal   Summ           ####         1%          1    None
b - Call Imp              Summ           ######..     1%          2    None
c - Call Canine Familiar  Summ           ######..     1%          3    None
d - Summon Ice Beast      Ice/Summ       #####...     9%          4    ###....
e - Summon Lightning Spi  Summ/Air       #####...     8%          4    ###....
f - Spellforged Servitor  Conj/Summ      #####.....   100%        7    #######

Your spell library contained the following spells:

 Spells                   Type           Power        Failure   Level  Hunger
 Summon Guardian Golem    Hex/Summ       #####...     3%          3    None
 Animate Skeleton         Necr           N/A          8%          1    None
 Apportation              Tloc           ##....       8%          1    None
 Confusing Touch          Hex            ##....       8%          1    None
 Iskenderun's Battlesphe  Conj/Chrm      ###.....     88%         5    #####..
 Venom Bolt               Conj/Pois      ###.......   88%         5    #####..
 Bolt of Magma            Conj/Fire/Erth ##........   89%         5    #####..
 Iron Shot                Conj/Erth      ###.......   100%        6    ######.
 Orb of Destruction       Conj           ###.......   100%        7    #######


Dungeon Overview and Level Annotations

Branches:
Dungeon (11/15)            Temple (1/1) D:6             Orc (0/2) D:10
   Lair: D:8-11

Altars:
Ashenzari
Cheibriados
Dithmenos
Elyvilon
Fedhas
Gozag
Hepliaklqana
Kikubaaqudgha
Makhleb
Nemelex Xobeh
Okawaru
Qazlal
Ru
Sif Muna
Trog
Uskayaw
Vehumet
Wu Jian
Xom
Yredelemnul
The Shining One

Shops:
D:6 !   D:10 :

Annotations:
D:2 2 transporters
D:10 Psyche


Innate Abilities, Weirdness & Mutations

Shadows flee at your approach. (+LOS)
You can swim through water.
You cover ground slowly.
You can hop short distances.


Message History

Found an escape hatch in the ceiling.
A wyvern zombie comes into view.
Casting: Summon Small Mammal (safe; 1% risk of failure)
Confirm with . or Enter, or press ? or * to list all spells.
You don't have enough magic to cast that spell.
Casting: Summon Small Mammal (safe; 1% risk of failure)
Confirm with . or Enter, or press ? or * to list all spells.
You feel a surge of power!
A shadowy apparition takes form in the air.
The bullfrog gives a loud, deep croak!
You hear a shout!
A bullfrog comes into view.
The bullfrog swells and bulges.
An ogre comes into view. It is wielding a +0 giant club.
Your shadow imp hits the bullfrog.
You hit the wyvern zombie.
The wyvern zombie is lightly damaged.
The wyvern zombie barely misses you. The wyvern zombie bites you!
* * * LOW HITPOINT WARNING * * *
The bullfrog hits you.
You die...

#############
#...@Z.......
....?...5F###......
..........# ....
...O...F..# ..
..........#
...$......#
.(<.......#
...........
..........#


You could see an ogre, 2 bullfrogs, a wyvern zombie and a friendly shadow imp.

Vanquished Creatures
  An orc warrior (D:10)
  A big kobold (D:11)
  A bullfrog (Sewer)
  A wyvern zombie (D:10)
  A scorpion (D:7)
  A hound (D:7)
  An orc priest (D:10)
  3 orc wizards
  Natasha (D:3)
  2 worker ants
  A killer bee zombie (D:5)
  2 river rats (Sewer)
  8 adders
  2 shadow imps (D:5)
  An adder skeleton (D:5)
  2 worms
  2 dart slugs (D:1)
  2 leopard geckos
  5 orcs
  4 giant cockroaches
  4 goblins
  2 hobgoblins (D:4)
  A quokka (D:2)
  4 bats
  6 frilled lizards
  2 giant cockroach zombies (D:2)
  5 kobolds
  A leopard gecko skeleton (D:4)
  A quokka skeleton (D:5)
  5 rats
  A fungus (D:5)
74 creatures vanquished.

Vanquished Creatures (collateral kills)
  A two-headed ogre (D:10)
  A hippogriff (D:7)
  Sigmund (D:3)
  A wyvern (D:10)
  6 yaks (D:10)
  Edmund (D:4)
  A water moccasin (D:5)
  Duvessa (D:6)
  A black bear (D:11)
  2 orc warriors
  A sky beast (D:7)
  A necrophage (D:11)
  An ice beast (D:7)
  2 ogres
  2 centaurs
  3 big kobolds
  Blork the orc (D:6)
  4 bullfrogs
  A gnoll sergeant (D:6)
  A scorpion (D:10)
  Dowan (D:6)
  4 killer bees (D:10)
  A howler monkey (D:4)
  2 crimson imps (D:5)
  A centaur zombie (D:5)
  A bullfrog zombie (D:7)
  A hound (D:6)
  2 centaur skeletons
  4 orc priests
  7 orc wizards
  Crazy Yiuf (D:5)
  Jessica (D:2)
  3 iguanas
  Natasha (twice) (D:3)
  5 worker ants
  2 hound skeletons
  Robin (D:4)
  7 gnolls
  A howler monkey skeleton (D:4)
  3 river rats (Sewer)
  11 adders
  3 oozes
  An adder zombie (D:7)
  An adder skeleton (D:2)
  A worm (D:2)
  2 leopard geckos (D:2)
  39 orcs
  9 giant cockroaches
  9 hobgoblins
  9 jackals
  2 quokkas (D:2)
  9 ball pythons
  2 bats (D:2)
  9 frilled lizards
  8 goblins
  19 kobolds
  A leopard gecko skeleton (D:2)
  A leopard gecko zombie (D:5)
  22 rats
241 creatures vanquished.

Grand Total: 315 creatures vanquished

Notes
Turn   | Place    | Note
-------+----------+-------------------------------------------
     0 | D:1      | Hylith the Barachi Summoner began the quest for the Orb.
     0 | D:1      | Reached XP level 1. HP: 13/13 MP: 3/3
    23 | D:1      | Reached skill level 5 in Summonings
   244 | D:1      | Found a sparkling altar of Nemelex Xobeh.
   252 | D:1      | Reached XP level 2. HP: 19/19 MP: 0/5
   743 | D:2      | Learned a level 2 spell: Call Imp
   793 | D:2      | Reached XP level 3. HP: 24/24 MP: 2/6
   973 | D:2      | Found a basalt altar of Yredelemnul.
   975 | D:2      | Noticed a black bear
   977 | D:2      | Found a transporter.
   993 | D:2      | HP: 1/24 [adder (3)]
  1008 | D:2      | Found a transporter.
  1291 | D:2      | Noticed Jessica
  1301 | D:2      | Killed Jessica
  1301 | D:2      | Reached XP level 4. HP: 29/30 MP: 0/8
  1336 | D:2      | Learned a level 3 spell: Call Canine Familiar
  1700 | D:3      | Noticed Natasha
  1714 | D:3      | Killed Natasha
  1882 | D:3      | Noticed Natasha
  1892 | D:3      | Killed Natasha
  1892 | D:3      | Reached XP level 5. HP: 28/35 MP: 0/9
  2125 | D:3      | Found a glowing drain.
  2159 | Sewer    | Entered a sewer
  2374 | Sewer    | Reached XP level 6. HP: 37/41 MP: 1/11
  2504 | D:3      | Learned a level 4 spell: Summon Ice Beast
  2537 | D:3      | Noticed Sigmund
  2551 | D:3      | Killed Sigmund
  2551 | D:3      | Reached skill level 1 in Fighting
  2618 | D:3      | Reached XP level 7. HP: 48/48 MP: 4/13
  2815 | D:3      | Noticed Natasha
  2821 | D:3      | Killed Natasha
  3220 | D:4      | Noticed Robin
  3233 | D:4      | Killed Robin
  3392 | D:4      | Found a faded altar of an unknown god.
  3392 | D:4      | Found a white marble altar of Elyvilon.
  3397 | D:4      | Found a stormy altar of Qazlal.
  3400 | D:4      | Found a shimmering altar of Xom.
  3401 | D:4      | Found a faded altar of an unknown god.
  3482 | D:4      | Noticed Edmund
  3504 | D:4      | Killed Edmund
  3504 | D:4      | Reached skill level 5 in Spellcasting
  4064 | D:5      | Entered Level 5 of the Dungeon
  4083 | D:5      | Reached XP level 8. HP: 57/58 MP: 1/16
  4331 | D:5      | Found a shattered altar of Ashenzari.
  4402 | D:5      | Got a fine robe
  4413 | D:5      | Identified the cursed +1 robe of Tudwyl {rN+ Int+2 Slay+2}
                  | (You found it on level 5 of the Dungeon)
  4613 | D:5      | Found an ancient bone altar of Kikubaaqudgha.
  4805 | D:5      | Found a runed translucent door.
  4806 | D:5      | Noticed Crazy Yiuf
  4812 | D:5      | Killed Crazy Yiuf
  4916 | D:6      | Noticed Blork the orc
  5013 | D:6      | Killed Blork the orc
  5111 | D:6      | Found a burning altar of Makhleb.
  5176 | D:6      | Noticed Dowan
  5177 | D:6      | Noticed Duvessa
  5189 | D:6      | Killed Dowan
  5197 | D:6      | Killed Duvessa
  5197 | D:6      | Reached skill level 10 in Summonings
  5304 | D:6      | Found Cuag's Distillery.
  5351 | D:6      | Found a staircase to the Ecumenical Temple.
  5359 | Temple   | Entered the Ecumenical Temple
  5403 | Temple   | Became a worshipper of Sif Muna the Loreminder
  5574 | D:7      | Noticed a hippogriff
  5581 | D:7      | Killed a hippogriff
  5581 | D:7      | Reached XP level 9. HP: 67/67 MP: 1/20
  5584 | D:7      | Reached skill level 5 in Fighting
  5719 | D:7      | Got a smoking chain mail
  5736 | D:7      | Identified the +1 chain mail "Vuneod" {Str+3} (You found it
                  | on level 7 of the Dungeon)
  5949 | D:7      | Learned a level 4 spell: Summon Lightning Spire
  6260 | D:7      | You fall through a shaft for 3 floors!
  6260 | D:10     | Entered Level 10 of the Dungeon
  6348 | D:10     | Noticed a two-headed ogre
  6363 | D:10     | Killed a two-headed ogre
  6363 | D:10     | Reached * piety under Sif Muna
  6371 | D:10     | Got a crude mace
  6372 | D:10     | Identified the cursed +2 mace of the Mind {elec, rPois rF-
                  | rN+} (You found it on level 10 of the Dungeon)
  6665 | D:10     | Found a staircase to the Orcish Mines.
  6711 | D:10     | Reached skill level 10 in Spellcasting
  6711 | D:10     | Reached skill level 1 in Air Magic
  6765 | D:10     | Found Umedudgh's Book Shop.
  6768 | D:10     | Bought a book of Power for 495 gold pieces
  6776 | D:10     | Learned a level 7 spell: Spellforged Servitor
  6825 | D:10     | Noticed Psyche
  6848 | D:11     | Reached XP level 10. HP: 51/77 MP: 0/24
  6852 | D:11     | Noticed a brown ugly thing
  6852 | D:11     | Reached skill level 1 in Maces & Flails
  6855 | D:11     | Reached ** piety under Sif Muna
  6870 | D:11     | HP: 1/77 [wyvern zombie (9)]
  6870 | D:11     | Slain by a bullfrog

Skill      XL: |  1  2  3  4  5  6  7  8  9 10 |
---------------+-------------------------------+-----
Summonings     | 5 6 7 8 9 10 | 10.1
Stealth        | 2 |  2.0
Spellcasting   | 3 4 5 7 10 | 10.2
Fighting       | 1 3 4 6 |  6.6
Air Magic      | 1 |  1.0
Maces & Flails | 1 |  1.0
Dodging        | |  2.1
Conjurations   | |  0.6
Ice Magic      | |  0.2

Action                   |  1- 3 |  4- 6 |  7- 9 | 10-12 || total
-------------------------+-------+-------+-------+-------++-------
Melee: Hand axe          |    70 |    21 |       |       ||    91
       Unarmed           |    10 |       |       |       ||    10
       Short sword       |       |    31 |   102 |       ||   133
       Mace              |       |       |    15 |     6 ||    21
Throw: Stone             |     1 |       |       |       ||     1
 Cast: Summon Small Mamm |    28 |    41 |   104 |     3 ||   176
       Call Imp          |    13 |    21 |    37 |     1 ||    72
       Call Canine Famil |       |    11 |    25 |       ||    36
       Summon Ice Beast  |       |     1 |    34 |       ||    35
       Summon Lightning  |       |       |     7 |       ||     7
 Abil: Hop               |       |       |     1 |       ||     1
  Use: Potion            |     1 |       |       |       ||     1
       Scroll            |       |       |     9 |     1 ||    10
 Stab: Sleeping          |     1 |       |       |       ||     1
       Distracted        |       |     1 |     1 |       ||     2
  Eat: Chunk             |     3 |    29 |    21 |       ||    53
Armor: Robe              |    14 |     9 |    59 |     3 ||    85
Dodge: Dodged            |    64 |    37 |    92 |     8 ||   201
Block: Other             |     1 |     2 |       |       ||     3
